 Dungeon Crawl Stone Soup version 0.25.1-2-g60ff931df9 (webtiles) character file.

Game seed: 4052595750376601845

77 DearestLeader the Digger (level 4, -5/24 HPs)
             Began as a Gargoyle Earth Elementalist on Oct 1, 2020.
             Was an Initiate of Vehumet.
             Hit by a boomerang thrown by an orc warrior (11 damage)
             ... on level 6 of the Dungeon.
             The game lasted 00:04:52 (2969 turns).

DearestLeader the Digger (GrEE)                     Turns: 2969, Time: 00:04:52

Health: -5/24      AC:  6    Str: 11    XL:     4   Next: 34%
Magic:  6/7        EV: 12    Int: 17    God:    Vehumet [......]
Gold:   114        SH:  0    Dex: 10    Spells: 1/7 levels left

rFire    . . .     SeeInvis .   h - +0 dagger
rCold    . . .     Gourm    .   (no shield)
rNeg     + . .     Faith    .   c - +0 robe
rPois    ∞         Spirit   .   e - +0 helmet
rElec    +         Reflect  .   (no cloak)
rCorr    .         Harm     .   (no gloves)
MR       .....                  (no boots)
Stlth    ++........             (no amulet)
HPRegen  0.08/turn              (no ring)
MPRegen  0.10/turn              (no ring)

@: no status effects
A: negative energy resistance 1, electricity resistance, unbreathing,
petrification resistance, rot immunity, AC +3
a: Renounce Religion


You were on level 6 of the Dungeon.
You worshipped Vehumet.
Vehumet was noncommittal.
You were hungry.

You visited 2 branches of the dungeon, and saw 5 of its levels.

You collected 114 gold pieces.

Inventory:

Hand Weapons
 h - a +0 dagger (weapon)
 n - a +4 spear
Missiles
 b - 145 stones (quivered)
Armour
 c - a +0 robe (worn)
 e - a +0 helmet (worn)
Jewellery
 l - an uncursed ring of ice
Scrolls
 f - 2 scrolls of teleportation
 g - a scroll of magic mapping
 o - a scroll of fog {unknown}
 p - a scroll of amnesia {unknown}
Potions
 a - a potion of brilliance {unknown}
 i - a potion of heal wounds {unknown}
 j - a potion of lignification {unknown}
Comestibles
 d - 3 rations


   Skills:
 - Level 1.5 Dodging
 - Level 2.1 Stealth
 - Level 2.0 Spellcasting
 + Level 0.0 Conjurations
 - Level 0.7 Transmutations
 * Level 6.1 Earth Magic


You had one spell level left.
You knew the following spells:

 Your Spells              Type           Power        Failure   Level  Hunger
a - Sandblast             Erth           ###...       1%          1    #......
b - Passwall              Tmut/Erth      ##......     8%          2    ###....
c - Stone Arrow           Conj/Erth      ##....       16%         3    ###....

Your spell library contained the following spells:

 Spells                   Type           Power        Failure   Level  Hunger
 Lee's Rapid Deconstruct  Erth           ###.......   41%         5    ######.
 Petrify                  Tmut/Erth      ##......     43%         4    #####..


Dungeon Overview and Level Annotations

Branches:
Dungeon (6/15)             Temple (1/1) D:6

Altars:
Ashenzari
Cheibriados
Dithmenos
Fedhas
Gozag
Hepliaklqana
Kikubaaqudgha
Nemelex Xobeh
Okawaru
Qazlal
Uskayaw
Vehumet
Wu Jian
Yredelemnul
Zin


Innate Abilities, Weirdness & Mutations

You are resistant to torment.
Your stone body is resilient. (AC +3)
You are immune to poison.
You resist negative energy. (rN+)
You are resistant to electric shocks. (rElec)
You can survive without breathing.
You are immune to petrification.
You are immune to rotting.


Message History

Ouch! That really hurt!
* * * LOW HITPOINT WARNING * * *
The weapon returns to the orc warrior!
Casting: Passwall (safe; 8% risk of failure)
Confirm with . or Enter, or press ? or * to list all spells.
Aiming: Passwall (safe; 8% risk of failure)
Press: ? - help, Dir - move target cursor A rock wall.
You are feeling hungry.
You begin to meditate on the wall.
You continue meditating on the rock.
The orc closely misses you.
You continue meditating on the rock.
You finish merging with the rock.
You start resting.
The orc is too close now for your liking.
As you open the door, it creaks loudly!
Found a ration.
There is an open door here.
The orc warrior throws a boomerang.
The boomerang hits you!
You die...

#....>.......##...#
#............#
###.##...##.....
....##.o.##....
......oo.......
.....+.........
...oo#####+##..
+##.....##.#####
#.....'@%....#
#.....#......#
#.....#####..#
....##### .# ....
... ..


You could see an orc warrior and an orc.

Vanquished Creatures
  Jessica (D:2)
  An adder (D:2)
  2 leopard geckos
  6 bats
  3 giant cockroaches
  5 goblins
  5 hobgoblins
  7 kobolds
  A ball python (D:1)
  3 frilled lizards (D:1)
  4 rats
38 creatures vanquished.

Notes
Turn   | Place    | Note
-------+----------+-------------------------------------------
     0 | D:1      | DearestLeader the Gargoyle Earth Elementalist began the
                  | quest for the Orb.
     0 | D:1      | Reached XP level 1. HP: 10/10 MP: 3/3
   239 | D:1      | Reached skill level 4 in Earth Magic
   398 | D:1      | Reached XP level 2. HP: 8/15 MP: 5/5
   840 | D:1      | Learned a level 2 spell: Passwall
  1518 | D:1      | Reached XP level 3. HP: 19/19 MP: 6/6
  1551 | D:1      | Reached skill level 5 in Earth Magic
  1652 | D:1      | Learned a level 3 spell: Stone Arrow
  1681 | D:2      | Noticed Jessica
  1701 | D:2      | Killed Jessica
  1772 | D:2      | Reached XP level 4. HP: 23/24 MP: 4/7
  1996 | D:2      | Reached skill level 6 in Earth Magic
  2626 | D:3      | You fall into a shaft and drop 3 floors!
  2647 | D:6      | Found a staircase to the Ecumenical Temple.
  2648 | D:6      | Noticed an orc warrior
  2676 | Temple   | Entered the Ecumenical Temple
  2915 | Temple   | Became a worshipper of Vehumet
  2969 | D:6      | Hit by a boomerang thrown by an orc warrior

Illustrated notes

Levels and vault maps discovered:
D:1:      dpeg_arrival_erosion, layout_basic, hangedman_decor_opposing,
          palyth_stone_intersect
D:2:      layout_basic, first_ration, uniq_jessica
D:3:      cheibrodos_helix_gallery, layout_loops_ring, uniq_robin, uniq_ijyb
D:6:      layout_gridville, minmay_temple_entry_stoned_glass, serial_shops,
          shop, fedhas_bush_and_centaur_altar
Temple:   kilobyte_greek_temple

Skill      XL: |  1  2  3  4 |
---------------+-------------+-----
Earth Magic    | 4 5 6 |  6.1
Dodging        | |  1.5
Stealth        | |  2.1
Spellcasting   | |  2.0
Transmutations | |  0.7

Action                   |  1- 3 |  4- 6 || total
-------------------------+-------+-------++-------
Melee: Unarmed           |    44 |       ||    44
       Dagger            |    73 |    85 ||   158
 Cast: Sandblast         |    11 |     2 ||    13
       Passwall          |       |     2 ||     2
  Use: Scroll            |       |     2 ||     2
 Stab: Sleeping          |     4 |     2 ||     6
  Eat: Chunk             |     1 |     2 ||     3
       Ration            |     1 |       ||     1
Armor: Robe              |    59 |    33 ||    92
Dodge: Dodged            |   119 |    50 ||   169
